cohdb
Replays
Latest Replays
All Replays
Popular Replays
Top Player Replays
Match Explorer
How It Works
Community
CoH3 Stats
Reddit
Sign in to upload your games and track your stats! →
Sign in with Steam
Match 41665413
Unlisted
Match 41665413
Overview
Messages
Build Orders
End
250 Light Carrier
Selects Panzerjäger Kommand Battlegroup
Selects Panzerjäger Kommand Battlegroup
Panzergrenadier Squad
Panzergrenadier Squad
Construct Light Support Kompanie
Panzergrenadier Squad
Selects Tank Busters
Fire Support Elements
le.IG 18 Mechanized Group
Flakvierling Half-track
2.5-tonne Medical Truck
Veteran Squad Leaders
Selects Crew Shock Tactics
Selects Mine Fields
AI Takeover
Panzer Vor Doctrine
쏘우세지
KUNASHDU
无123
Particycles
banksss33
Milliam
Tenal Jan
0
0
Comments
sign in to comment!
No comments posted yet!